 Dungeon Crawl Stone Soup version 0.27-a0-1184-ge86db4a01e (webtiles) character file.

Game seed: 12684443912497117556

22 porpoise the Conjurer (level 2, 0/17 HPs)
             Began as an Octopode Conjurer on May 19, 2021.
             Slain by Sigmund
             ... wielding a +0 scythe
              (11 damage)
             ... on level 2 of the Dungeon.
             The game lasted 00:03:43 (708 turns).

porpoise the Conjurer (Octopode Conjurer)            Turns: 708, Time: 00:03:43

Health: 0/17       AC:  1    Str:  6    XL:     2   Next: 91%
Magic:  2/5        EV: 13    Int: 20    God:
Gold:   94         SH:  0    Dex: 10    Spells: 3/6 levels left

rFire    . . .     SeeInvis .   a - staff of conjuration
rCold    . . .     Faith    .   (no shield)
rNeg     . . .     Spirit   .   (helmet restricted)
rPois    .         Reflect  .   (no amulet)
rElec    .         Harm     .   (no ring)
rCorr    .         Rampage  .   (no ring)
Will     .....                  (no ring)
Stlth    +++.......             (no ring)
HPRegen  0.05/turn              (no ring)
MPRegen  0.09/turn              (no ring)
                                (no ring)
                                (no ring)

@: no status effects
A: almost no armour, amphibious, 8 rings, camouflage 1, gelatinous body 1,
(nimble swimmer 1), tentacles
a: no special abilities


You were on level 2 of the Dungeon.
You visited 1 branch of the dungeon, and saw 2 of its levels.

You collected 94 gold pieces.

Inventory:

Hand Weapons
 b - a +2 vorpal mace
Missiles
 h - 20 stones
Magical Staves
 a - a staff of conjuration (weapon)
 g - a staff of air
Scrolls
 c - 2 scrolls of amnesia {unknown}
 e - 2 scrolls of fear {unknown}
 f - a scroll of identify {unknown}
Potions
 i - a potion of heal wounds {unknown}


   Skills:
 - Level 2.0 Dodging
 + Level 3.2 Stealth
 * Level 2.5 Spellcasting
 * Level 4.3 Conjurations


You had 3 spell levels left.
You knew the following spells:

 Your Spells              Type           Power      Damage    Failure   Level
a - Magic Dart            Conj           100%       1d8       2%          1
b - Searing Ray           Conj           58%        3d5       3%          2

Your spell library contained the following spells:

 Spells                   Type           Power      Damage    Failure   Level
 Dazzling Flash           Conj/Hex       32%        N/A       19%         3
 Fulminant Prism          Conj/Hex       8%         3d7       52%         4
 Iskenderun's Mystic Bla  Conj/Tloc      16%        2d5       52%         4


Dungeon Overview and Level Annotations

Branches:
Dungeon (2/15)

Altars:

Annotations:
D:2 Sigmund


Innate Abilities, Weirdness & Mutations

You cannot wear most types of armour.
You are amphibious.
You can wear up to eight rings at the same time.
Your skin changes colour to match your surroundings (Stealth+).
Your rubbery body absorbs attacks. (AC +1, EV +1)
((You are camouflaged near water. (Stealth+)))
You have tentacles for arms and can constrict up to eight enemies at once.


Message History

Aim: a giant cockroach (asleep, 100% to hit)
You feel a surge of power!
The magic dart hits the giant cockroach!
You kill the giant cockroach!
You start resting.
Magic restored.
Found a leather armour.
Found a stone staircase leading down.
Done exploring.
Done exploring.
(D) Dungeon
Where to? (? - help)
There is a stone staircase leading down here.
You climb downwards.
Sigmund the Dreaded comes into view.
He is wielding a +0 scythe and carrying a wand of flame (16).
Found a scroll labelled LOETHR KEUTHRO.
There is a stone staircase leading up here.
Okay, then.
Unknown command.
The helpless Sigmund fails to defend himself.
You hit Sigmund. You grab Sigmund. You squeeze Sigmund.
Sigmund is lightly wounded.
You constrict Sigmund, but do no damage.
Sigmund barely misses you.
Casting: Magic Dart (safe; 2% risk of failure)
Confirm with . or Enter, or press ? or * to list all spells.
Aiming: Searing Ray (safe; 3% risk of failure)
Press: ? - help, Shift-Dir - straight line, f - Sigmund
Aim: Sigmund, wielding a +0 scythe, wearing a +0 robe and carrying a wand of flame (16) (lightly wounded, constricted by you, 100% to hit)
You feel a surge of power!
The searing ray hits Sigmund!
Sigmund is moderately wounded. (Press . to maintain the ray.)
You constrict Sigmund, but do no damage.
Sigmund points at you and mumbles some strange words.
The puff of flame hits you.
The searing ray hits Sigmund.
Sigmund is heavily wounded.
You constrict Sigmund. Sigmund hits you with a +0 scythe!
Ouch! That really hurt!
You die...

#...#
#...
#####..?
.......
#....#
#....#
#....#
+...@#
#...@#
#....#
#....#
######


You could see Sigmund.

Vanquished Creatures
  2 ball pythons (D:1)
  2 bats (D:1)
  3 endoplasms (D:1)
  A giant cockroach (D:1)
  2 goblins (D:1)
  3 hobgoblins (D:1)
  2 jackals (D:1)
  A frilled lizard (D:1)
  A kobold (D:1)
17 creatures vanquished.

Notes
Turn   | Place    | Note
-------+----------+-------------------------------------------
     0 | D:1      | porpoise the Octopode Conjurer began the quest for the Orb.
     0 | D:1      | Reached XP level 1. HP: 11/11 MP: 3/3
   185 | D:1      | Reached XP level 2. HP: 14/17 MP: 1/5
   551 | D:1      | Learned a level 2 spell: Searing Ray
   705 | D:2      | Noticed Sigmund
   708 | D:2      | Slain by Sigmund

Illustrated notes

Levels and vault maps discovered:
D:1:      tarquinn_simple_flora_water_c, layout_rooms
D:2:      layout_basic, ebering_ecumenical_altar_sacrificial,
          minmay_increasing_density, uniq_sigmund

Skill      XL: |  1  2 |
---------------+-------+-----
Stealth        | 3 |  3.2
Dodging        | |  2.0
Spellcasting   | |  2.5
Conjurations   | |  4.3

Action                   || total
-------------------------++-------
Melee: Dagger            ||     5
       Tentacles         ||     3
       Staff             ||     1
       Constrict         ||     1
 Cast: Magic Dart        ||    25
       Searing Ray       ||     1
 Stab: Sleeping          ||     1
Dodge: Dodged            ||     7

Table legend: (Time is in decaauts)
 A = Elapsed time spent in this place.
 B = Non-inter-level travel time spent in this place.
 C = Inter-level travel time spent in this place.
 D = Time resting spent in this place.
 E = Time spent auto-exploring this place.
 F = Levels seen in this place.
 G = Mean time per level.
                   A        B        C        D        E       F      G
               +--------+--------+--------+--------+--------+-----+--------+
         Total |    704 |    702 |      2 |    266 |    279 |   2 |  352.0 |
       Dungeon |    704 |    702 |      2 |    266 |    279 |   2 |  352.0 |
               +--------+--------+--------+--------+--------+-----+--------+

Top non-repeatable levels by time:
     D:1: 702 daAuts
     D:2: 2 daAuts
